 Dungeon Crawl Stone Soup version 0.31-a0-466-g98c9adc2b6 (webtiles) character file.

Game seed: 11702181134355753658

2492 Lorrdernie the Basher (level 9, 0/48 HPs)
             Began as a Gargoyle Gladiator on Aug 5, 2023.
             Was a Believer of Okawaru.
             Shot with an arrow by a centaur (12 damage)
             ... on level 8 of the Dungeon.
             The game lasted 00:10:53 (7406 turns).

Lorrdernie the Basher (Gargoyle Gladiator)          Turns: 7406, Time: 00:10:53

Health: 0/48       AC: 13    Str: 19    XL:     9   Next: 52%
Magic:  11/11      EV: 12    Int: 10    God:    Okawaru [**....]
Gold:   458        SH:  0    Dex: 19    Spells: 8/8 levels left

rFire   . . .        F - +0 flail (protect)
rCold   . . .        (no shield)
rNeg    + . .        m - +0 ring mail
rPois   ∞            c - +0 helmet
rElec   +            j - +0 cloak
rCorr   .            (no gloves)
SInv    .            (no boots)
Will    +....        (no amulet)
Stlth   +            i - +6 ring of dexterity
HPRegen 0.28/turn    k - ring of willpower
MPRegen 0.12/turn

%: no passive effects
@: no status effects
A: sickness immunity, AC +6, negative energy resistance 1, electricity
resistance, torment resistance 1, petrification resistance
a: Renounce Religion, Heroism


You were on level 8 of the Dungeon.
You worshipped Okawaru.
Okawaru was pleased with you.
You visited 2 branches of the dungeon, and saw 9 of its levels.
You also visited: Sewer.

You collected 458 gold pieces.

Inventory:

Hand Weapons
 a - a +1 flail of venom
 F - a +0 flail of protection (weapon)
Missiles
 d - 3 throwing nets (quivered)
 e - a javelin
 h - 12 poisoned darts
Armour
 b - a +0 leather armour
 c - a +0 helmet (worn)
 j - a +0 cloak (worn)
 m - a +0 ring mail (worn)
Jewellery
 i - a +6 ring of dexterity (left hand)
 k - a ring of willpower (right hand)
Talismans
 n - a beast talisman
Wands
 y - a wand of paralysis (13)
 D - a wand of light (6)
 G - a wand of flame (27)
Scrolls
 f - a scroll of identify
 u - a scroll of enchant weapon
 w - a scroll of fog {unknown}
 x - 2 scrolls of noise {unknown}
 z - a scroll of immolation {unknown}
 A - a scroll of revelation {unknown}
 E - a scroll of amnesia {unknown}
Potions
 g - 2 potions of ambrosia
 l - a potion of haste
 o - 2 potions of might
 p - a potion of enlightenment {unknown}
 q - a potion of attraction {unknown}
 s - a potion of curing {unknown}
 v - a potion of mutation {unknown}
 B - a potion of brilliance {unknown}
 C - 2 potions of degeneration {unknown}


   Skills:
 - Level 2.1 Fighting
 * Level 12.4 Maces & Flails
 - Level 1.7 Throwing
 - Level 2.4 Dodging
 + Level 3.3 Invocations


You had 8 spell levels left.
You didn't know any spells.
Your spell library contained the following spells:

 Spells                   Type           Power      Damage    Failure   Level
 Apportation              Tloc           0%         N/A       54%         1
 Necrotise                Necr           0%         1d4       54%         1
 Sandblast                Erth           0%         2d4       54%         1
 Passwall                 Tmut/Erth      0%         N/A       69%         2
 Dazzling Flash           Conj/Hex       0%         N/A       89%         3
 Portal Projectile        Hex/Tloc       0%         N/A       89%         3
 Stone Arrow              Conj/Erth      0%         3d7       89%         3
 Volatile Blastmotes      Fire/Tloc      0%         2d10      89%         3
 Fulminant Prism          Conj/Hex       0%         3d5       100%        4
 Iskenderun's Mystic Bla  Conj/Tloc      0%         2d3       100%        4
 Leda's Liquefaction      Hex/Erth       0%         N/A       100%        4
 Lee's Rapid Deconstruct  Erth           0%         3d4*      100%        5
 Leda's Unmaking          Conj/Erth      0%         9d1       100%        6
 Starburst                Conj/Fire      0%         6d3       100%        6
 Maxwell's Capacitive Co  Air            0%         ∞         100%        8
 Summon Small Mammal      Summ           Unusable   N/A       N/A         1
 Tukima's Dance           Hex            Unusable   N/A       N/A         3

Dungeon Overview and Level Annotations

Branches:
Dungeon (8/15)             Temple (1/1) D:4           Sewer (visited)
   Lair: D:8-11

Altars:
Ashenzari
Cheibriados
Dithmenos
Elyvilon
Fedhas
Hepliaklqana
Kikubaaqudgha
Makhleb
Okawaru
Qazlal
Sif Muna
Trog
Uskayaw
Vehumet
Wu Jian
Xom
Yredelemnul
Zin


Innate Abilities, Weirdness & Mutations

You are immune to sickness and miasma.
Your stone body is resilient. (AC +6)
You are immune to poison.
You resist negative energy. (rN+)
You are resistant to electric shocks. (rElec)
You are resistant to unholy torment.
You are immune to petrification.


Message History

The ice beast is almost dead.
You thump the ice beast!
You kill the ice beast!
Okawaru accepts your kill.
No target in view!
Done exploring.
(D) Dungeon (T) Temple
Where to? (Enter - D:8, ? - help)
There is a stone staircase leading down here.
You climb downwards.
You hear the hiss of flowing sand.
There is an entrance to an ossuary on this level.
Hurry and find it before the portal is buried!
Found 17 gold pieces.
There is a stone staircase leading up here.
As you read the scroll labelled ROMEBBA HEAVOBB, it crumbles to dust.
You feel strangely unstable.
It was a scroll of teleportation.
As you read the scroll labelled XAAFIT EMAO, it crumbles to dust.
It is a scroll of brand weapon.
Your +1 flail drips with poison.
a - a +1 flail of venom Unknown command.
You stop ascending the stairs.
Your surroundings suddenly seem different.
A centaur and a two-headed ogre come into view.
Found a stone staircase leading down.
The centaur shouts!
The two-headed ogre shouts in stereo!
The two-headed ogre hits you with a +0 giant club!
The two-headed ogre closely misses you.
Unknown command.
The centaur closely misses you.
The centaur kicks you but does no damage.
The centaur barely misses you. x2
The centaur wields a +0 heavy orcbow.
The centaur shoots an arrow.
The arrow closely misses you.
Found a glass wand.
The centaur shoots an arrow.
The arrow hits you!
The centaur shoots an arrow.
The arrow hits you!
* * * LOW HITPOINT WARNING * * *
The centaur shoots an arrow.
The arrow hits you!
You die...

### ..# ..##
..# #.##
######..#
#.......######
#........@./.#
#.....O..###.#
#..............
#.........##.#.
#.......>##
#..c....##
#.......#
#########


You could see a two-headed ogre and a centaur.

Vanquished Creatures
  A wyvern (D:7)
  2 ice beasts
  A black bear (D:4)
  An ogre (D:4)
  A centaur (D:7)
  3 phantoms
  5 bullfrogs
  4 scorpions
  3 jellies
  5 wights (D:7)
  2 howler monkeys
  2 hounds
  3 sleepcaps
  A gnoll bouda (D:5)
  3 iguanas
  4 orc wizards
  19 adders
  2 river rats (D:5)
  A white imp (D:7)
  2 ufetubi
  A worm (D:5)
  4 dart slugs
  20 orcs
  9 ball pythons
  5 bats
  8 endoplasms
  3 giant cockroaches
  15 goblins
  10 hobgoblins
  3 quokkas
  9 frilled lizards
  9 kobolds
  7 rats
168 creatures vanquished.

Notes
Turn   | Place    | Note
-------+----------+-------------------------------------------
     0 | D:1      | Lorrdernie the Gargoyle Gladiator began the quest for the
                  | Orb.
     0 | D:1      | Reached XP level 1. HP: 12/12 MP: 1/1
    82 | D:1      | Reached XP level 2. HP: 17/17 MP: 2/2
   214 | D:1      | Reached skill level 4 in Maces & Flails
   221 | D:1      | Reached XP level 3. HP: 21/21 MP: 3/3
  1146 | D:2      | Reached XP level 4. HP: 18/26 MP: 4/4
  1237 | D:2      | Reached skill level 5 in Maces & Flails
  1959 | D:3      | Found an ancient bone altar of Kikubaaqudgha.
  2028 | D:3      | Found a faded altar of an unknown god.
  2498 | D:4      | Noticed a black bear
  2649 | D:4      | Reached XP level 5. HP: 30/30 MP: 5/5
  2651 | D:4      | Noticed a phantom
  2724 | D:4      | Reached skill level 6 in Maces & Flails
  2901 | D:4      | Killed a black bear
  2902 | D:4      | Reached XP level 6. HP: 21/35 MP: 6/6
  3058 | D:4      | Reached skill level 7 in Maces & Flails
  3362 | D:4      | Found a staircase to the Ecumenical Temple.
  3377 | Temple   | Entered the Ecumenical Temple
  3386 | Temple   | Became a worshipper of Warmaster Okawaru
  3424 | D:4      | Reached XP level 7. HP: 32/40 MP: 7/7
  3526 | D:4      | Reached skill level 8 in Maces & Flails
  3895 | D:4      | Found a shadowy altar of Dithmenos.
  3998 | D:5      | Entered Level 5 of the Dungeon
  4009 | D:5      | Found an ornate altar of the Wu Jian Council.
  4039 | D:5      | Found a glowing drain.
  4132 | Sewer    | Entered a sewer
  4361 | Sewer    | Reached skill level 9 in Maces & Flails
  4425 | D:5      | Reached * piety under Okawaru
  4545 | D:5      | Found a blossoming altar of Fedhas.
  4584 | D:5      | Reached XP level 8. HP: 44/44 MP: 8/8
  4652 | D:5      | Found a hide-covered altar of Uskayaw.
  4652 | D:5      | Noticed a +0 dagger
  4653 | D:5      | Noticed a +0 dagger
  5044 | D:5      | Reached skill level 10 in Maces & Flails
  6200 | D:7      | Reached skill level 11 in Maces & Flails
  6286 | D:7      | Reached ** piety under Okawaru
  6618 | D:7      | Reached XP level 9. HP: 44/48 MP: 9/9
  6702 | D:7      | Reached skill level 1 in Invocations
  6868 | D:7      | Reached skill level 12 in Maces & Flails
  7399 | D:8      | Noticed a two-headed ogre
  7406 | D:8      | Shot with an arrow by a centaur

Illustrated notes

Levels and vault maps discovered:
D:1:      dpeg_arrival_rhombus, layout_basic
D:2:      layout_basic
D:3:      layout_basic, kiku_gazebo_garden_becter,
          shapermc_ecumenical_altar_pompeii, kennysheep_nub,
          nicolae_concentric_dashed_squares_wild, grunt_decor_arrowhead
D:4:      layout_basic, lemuel_doored_altar, minmay_temple_entry_glassed_door,
          kennysheep_opposing_triangles
D:5:      layout_gridville, nzn_wu_jian_contemplation, dancing_weapons_uskayaw,
          mainiacjoe_overflow_concentric_impassable,
          cheibrodos_sewer_entry_sluice, kennysheep_donut,
          hangedman_minor_gate_pass
D:6:      layout_rooms, grunt_decor_resistance
D:7:      layout_loops_ring
D:8:      layout_basic, erik_lair_island, enter_ossuary_5, uniq_psyche,
          uniq_joseph, uniq_pikel, uniq_maurice
Temple:   dshaligram_water_room_temple

Skill      XL: |  1  2  3  4  5  6  7  8  9 |
---------------+----------------------------+-----
Maces & Flails | 4 5 6 7 9 11 12 | 12.4
Invocations    | 3 |  3.3
Fighting       | |  2.1
Throwing       | |  1.7
Dodging        | |  2.4

Action                     |  1- 3 |  4- 6 |  7- 9 || total
---------------------------+-------+-------+-------++-------
  Melee: Flail             |   131 |   149 |   404 ||   684
         Punch             |     2 |       |     7 ||     9
  Throw: Throwing net      |       |     1 |       ||     1
Ability: Begin Untransform |       |       |     1 ||     1
    Use: Scroll            |       |     4 |     6 ||    10
         Potion            |       |       |     1 ||     1
   Stab: Sleeping          |       |       |     1 ||     1
 Armour: Leather armour    |    52 |    11 |       ||    63
         Ring mail         |       |    76 |   180 ||   256
  Dodge: Dodged            |   106 |    92 |   192 ||   390
   Form: Beast             |       |       |     1 ||     1

Table legend: (Time is in decaauts)
 A = Elapsed time spent in this place.
 B = Non-inter-level travel time spent in this place.
 C = Inter-level travel time spent in this place.
 D = Time resting spent in this place.
 E = Time spent auto-exploring this place.
 F = Levels seen in this place.
 G = Mean time per level.
                   A        B        C        D        E       F      G
               +--------+--------+--------+--------+--------+-----+--------+
         Total |   7439 |   6944 |    495 |    880 |   4510 |  10 |  743.9 |
       Dungeon |   7086 |   6608 |    478 |    880 |   4275 |   8 |  885.8 |
        Temple |     18 |      2 |     16 |      0 |      0 |   1 |   18.0 |
         Sewer |    334 |    334 |      0 |      0 |    235 |   1 |  334.0 |
               +--------+--------+--------+--------+--------+-----+--------+

Top non-repeatable levels by time:
     D:4: 1384 daAuts
     D:5: 1249 daAuts
     D:7: 1212 daAuts
     D:3: 1020 daAuts
     D:1: 993 daAuts
     D:2: 625 daAuts
     D:6: 591 daAuts
   Sewer: 334 daAuts
  Temple: 18 daAuts
     D:8: 9 daAuts
